 Dungeon Crawl Stone Soup version 0.23.2-40-g277498a001 (webtiles) character file.

Game seed: 4671007377646680448

719 Descartes the Insei (level 7, -5/38 HPs)
             Began as a Vine Stalker Transmuter on Oct 13, 2019.
             Slain by a centaur (7 damage)
             ... on level 6 of the Dungeon.
             The game lasted 00:14:25 (5827 turns).

Descartes the Insei (Vine Stalker Transmuter)       Turns: 5827, Time: 00:14:25

Health: -5/38      AC:  3    Str: 14    XL:     7   Next: 70%
Magic:  0/22       EV: 12    Int: 13    God:
Gold:   316        SH:  0    Dex: 15    Spells: 4/12 levels left

rFire    . . .     SeeInvis +     - Unarmed
rCold    . . .     Gourm    .   (no shield)
rNeg     + . .     Faith    .   E - +0 leather armour
rPois    .         Spirit   +   (no helmet)
rElec    .         Reflect  .   (no cloak)
rCorr    .         Harm     .   (no gloves)
MR       +....                  (no boots)
Stlth    ++........             (no amulet)
HPRegen  0.52/turn              g - ring of positive energy
MPRegen  0.18/turn              r - ring of magical power

@: no status effects
A: fangs 2, see invisible, magic resistance 1, regeneration 1, robust 1, magic
shield, antimagic bite, no potion heal 3, rot immunity
a: no special abilities


You were on level 6 of the Dungeon.
You were near starving.

You visited 1 branch of the dungeon, and saw 6 of its levels.
You also visited: Sewer.

You collected 316 gold pieces.

Inventory:

Hand Weapons
 z - a +0 blowgun
 B - a +0 hand crossbow
 G - a +0 hunting sling of velocity
Missiles
 a - 83 arrows
 c - 4 silver javelins
 e - 294 stones (quivered)
 f - 54 bolts
 n - 6 curare-tipped needles
 q - 3 tomahawks
 w - 11 sling bullets
 y - 38 poisoned needles
Armour
 b - a +0 robe
 E - a +0 leather armour (worn)
Jewellery
 g - a ring of positive energy (left hand)
 r - a ring of magical power (right hand)
 H - an uncursed ring of magical power
Wands
 u - a wand of disintegration (10)
 I - a wand of iceblast (3)
Scrolls
 i - 3 scrolls of remove curse {unknown}
 j - a scroll of amnesia {unknown}
 l - a scroll of fog {unknown}
 m - 3 scrolls of enchant weapon {unknown}
 o - 6 scrolls of teleportation {unknown}
 s - a scroll of blinking {unknown}
 t - 2 scrolls of enchant armour {unknown}
 v - a scroll of fear {unknown}
 J - a scroll of identify
 L - a scroll of noise {unknown}
Potions
 h - 2 potions of curing
 k - 4 potions of might
 p - 2 potions of brilliance {unknown}
 x - 2 potions of haste
 A - a potion of magic
 C - 2 potions of lignification
 D - a potion of resistance
 F - 3 potions of flight
Comestibles
 d - 8 rations


   Skills:
 + Level 2.7 Fighting
 + Level 2.0 Armour
 + Level 2.6 Dodging
 + Level 3.4 Stealth
 * Level 5.2 Unarmed Combat
 + Level 3.4 Spellcasting
 + Level 3.5 Transmutations


You had 4 spell levels left.
You knew the following spells:

 Your Spells              Type           Power        Failure   Level  Hunger
a - Beastly Appendage     Tmut           ##....       6%          1    #......
b - Sticks to Snakes      Tmut           ##......     10%         2    ##.....
c - Blade Hands           Tmut           ##........   87%         5    ######.

Your spell library contained the following spells:

 Spells                   Type           Power        Failure   Level  Hunger
 Spider Form              Tmut/Pois      #.........   36%         3    ###....
 Ice Form                 Ice/Tmut       #.......     78%         4    #####..


Dungeon Overview and Level Annotations

Branches:
Dungeon (6/15)
 Temple: D:4-7

Altars:
Makhleb
Trog
Wu Jian


Innate Abilities, Weirdness & Mutations

You have extremely sharp teeth.
Your natural rate of healing is unusually fast.
When hurt, damage is shared between your health and your magic reserves.
Your bite disrupts and absorbs the magic of your enemies.
Potions cannot restore your health.
You are immune to rotting.
You have supernaturally acute eyesight. (SInv)
You are resistant to hostile enchantments. (MR+)
You are robust. (+10% HP)


Message History

You see here an arrow.
An orc comes into view. It is wielding a +0 flail.
The centaur shoots an arrow.
The arrow hits you.
* * * LOW HITPOINT WARNING * * *
x2 You see here an arrow.
The centaur unwields a +1 shortbow of velocity.
The centaur closely misses you. The centaur misses you.
You hit the centaur.
The centaur is moderately wounded.
The centaur hits you!
* * * LOW HITPOINT WARNING * * *
You hit the centaur but do no damage. You punch the centaur.
The centaur is moderately wounded.
The centaur hits you.
* * * LOW HITPOINT WARNING * * *
A hound skeleton comes into view.
You hit the centaur but do no damage.
The centaur is moderately wounded.
The centaur barely misses you. The centaur hits you!
You die...

#.# ####. #.# #..Z#
#.# #...# #.# #...#
#.#
#$..############.###
#...#...†...........
#..o#.##########.###
#.c@(...# #.#
###..(..# #.#
#..(..# #####'###
#.(.(.# #........
###.### #........
#.# #........ ..#
#........
#########........
..............


You could see a centaur, an orc and a hound skeleton.

Vanquished Creatures
  Sigmund (D:2)
  A sky beast (D:5)
  2 scorpions
  A hound (D:6)
  4 worker ants
  3 gnolls (D:3)
  7 adders
  5 oozes
  A worm (D:3)
  3 dart slugs
  4 leopard geckos
  4 orcs
  8 ball pythons
  5 bats
  5 giant cockroaches
  7 goblins
  7 hobgoblins
  21 jackals
  17 kobolds
  2 quokkas
  A ball python skeleton (D:4)
  7 frilled lizards
  9 rats
  2 plants (Sewer)
127 creatures vanquished.

Notes
Turn   | Place    | Note
-------+----------+-------------------------------------------
     0 | D:1      | Descartes the Vine Stalker Transmuter began the quest for
                  | the Orb.
     0 | D:1      | Reached XP level 1. HP: 9/9 MP: 4/4
   260 | D:1      | Reached skill level 1 in Fighting
   260 | D:1      | Reached XP level 2. HP: 14/14 MP: 6/6
   823 | D:1      | Reached XP level 3. HP: 18/18 MP: 4/7
  1214 | D:1      | Reached skill level 1 in Stealth
  1299 | D:1      | Gained mutation: Your natural rate of healing is unusually
                  | fast. [Vine Stalker growth]
  1299 | D:1      | Reached XP level 4. HP: 12/22 MP: 6/8
  1851 | D:2      | HP: 1/22 [poisoned by an adder]
  1857 | D:2      | HP: 1/22 [poisoned by an adder]
  1863 | D:2      | HP: 1/22 [poisoned by an adder]
  1872 | D:2      | HP: 1/22 [poisoned by an adder]
  2158 | D:2      | Found a faded altar of an unknown god.
  2274 | D:2      | Noticed Sigmund
  2287 | D:2      | Killed Sigmund
  2287 | D:2      | Reached skill level 1 in Armour
  2287 | D:2      | Reached skill level 4 in Unarmed Combat
  2287 | D:2      | Reached XP level 5. HP: 12/26 MP: 5/10
  2287 | D:2      | Reached XP level 6. HP: 13/30 MP: 5/11
  3384 | D:3      | Learned a level 2 spell: Sticks to Snakes
  3390 | D:3      | Learned a level 5 spell: Blade Hands
  3594 | D:4      | Found a bloodstained altar of Trog.
  3694 | D:4      | Found a glowing drain.
  3737 | Sewer    | Entered a sewer
  3817 | Sewer    | Gained mutation: Your flesh is cold resistant. (rC+)
                  | [potion of mutation]
  3817 | Sewer    | Gained mutation: You are agile. (Dex +2) [potion of
                  | mutation]
  3818 | Sewer    | Lost mutation: Your flesh is cold resistant. (rC+) [potion
                  | of mutation]
  3818 | Sewer    | Lost mutation: You are agile. (Dex +2) [potion of mutation]
  3818 | Sewer    | Gained mutation: You are resistant to hostile enchantments.
                  | (MR+) [potion of mutation]
  3818 | Sewer    | Gained mutation: You have supernaturally acute eyesight.
                  | (SInv) [potion of mutation]
  3818 | Sewer    | Gained mutation: You are robust. (+10% HP) [potion of
                  | mutation]
  4099 | Sewer    | Reached XP level 7. HP: 37/38 MP: 12/12
  4916 | D:5      | Entered Level 5 of the Dungeon
  5167 | D:5      | Found a burning altar of Makhleb.
  5187 | D:5      | Found an ornate altar of the Wu Jian Council.
  5307 | D:5      | Reached skill level 5 in Unarmed Combat
  5826 | D:6      | HP: 1/38 [centaur (1)]
  5827 | D:6      | Slain by a centaur

Skill      XL: |  1  2  3  4  5  6  7 |
---------------+----------------------+-----
Fighting       | 1 2 |  2.7
Stealth        | 1 2 3 |  3.4
Dodging        | 2 |  2.6
Armour         | 1 2 |  2.0
Unarmed Combat | 4 5 |  5.2
Transmutations | 3 |  3.5
Spellcasting   | 3 |  3.4

Action                   |  1- 3 |  4- 6 |  7- 9 || total
-------------------------+-------+-------+-------++-------
Melee: Unarmed           |   157 |   267 |   167 ||   591
       Bite              |    37 |    49 |    71 ||   157
       Punch             |     5 |     8 |     5 ||    18
 Fire: Hunting sling     |       |       |     4 ||     4
       Hand crossbow     |       |       |     4 ||     4
  Use: Potion            |       |     6 |     1 ||     7
       Scroll            |       |     6 |       ||     6
 Stab: Sleeping          |     1 |    14 |     1 ||    16
       Distracted        |       |     1 |       ||     1
  Eat: Chunk             |     1 |    10 |     4 ||    15
Armor: Robe              |    40 |    39 |     3 ||    82
       Leather armour    |       |       |     8 ||     8
Dodge: Dodged            |   102 |   145 |    56 ||   303
